 Dungeon Crawl Stone Soup version 0.31-a0-177-g4aa6249778 (webtiles) character file.

Game seed: 10486566642665369899

93 pokeman the Magician (level 4, -2/25 HPs)
             Began as a Deep Elf Hedge Wizard on June 18, 2023.
             Slain by a sleepcap (16 damage)
             ... on level 3 of the Dungeon.
             The game lasted 00:03:32 (1799 turns).

pokeman the Magician (Deep Elf Hedge Wizard)        Turns: 1799, Time: 00:03:33

Health: -2/25      AC:  2    Str:  7    XL:     4   Next: 37%
Magic:  10/13      EV:  2    Int: 21    God:
Gold:   102        SH:  0    Dex: 14    Spells: 6/14 levels left

rFire   . . .        q - +0 short sword (venom)
rCold   . . .        (no shield)
rNeg    . . .        b - +0 robe
rPois   .            c - +0 hat
rElec   .            (no cloak)
rCorr   .            (no gloves)
SInv    .            (no boots)
Will    .....        k - amulet of magic regeneration
Stlth   ++           (no ring)
HPRegen 0.24/turn    (no ring)
MPRegen 0.53/turn

%: no passive effects
@: sleeping, very slightly contaminated
A: no striking features
a: no special abilities


You were on level 3 of the Dungeon.
You visited 1 branch of the dungeon, and saw 3 of its levels.

You collected 102 gold pieces.

Inventory:

Hand Weapons
 q - a +0 short sword of venom (weapon)
Missiles
 a - a throwing net
 o - 5 curare-tipped darts
Armour
 b - a +0 robe (worn)
 c - a +0 hat (worn)
Jewellery
 k - an amulet of magic regeneration (around neck)
Wands
 t - a wand of flame (2)
Scrolls
 f - a scroll of identify {unknown}
 g - a scroll of teleportation {unknown}
 h - a scroll of fear {unknown}
 l - a scroll of poison {unknown}
 p - 2 scrolls of blinking {unknown}
 r - 3 scrolls of noise {unknown}
 s - a scroll of revelation {unknown}
Potions
 d - a potion of magic
 e - a potion of resistance {unknown}
 i - a potion of might {unknown}
 j - a potion of enlightenment {unknown}
 m - a potion of haste {unknown}
 n - a potion of curing {unknown}
 u - 2 potions of brilliance {unknown}


   Skills:
 - Level 1.0 Fighting
 - Level 1.0 Armour
 + Level 2.7 Dodging
 + Level 2.7 Stealth
 * Level 5.6 Spellcasting
 + Level 2.2 Conjurations
 - Level 1.1 Summonings
 - Level 1.1 Translocations


You had 6 spell levels left.
You knew the following spells:

 Your Spells              Type           Power      Damage    Failure   Level
a - Magic Dart            Conj           60%        1d6       4%          1
b - Mephitic Cloud        Conj/Pois/Air  9%         N/A       22%         3
c - Call Imp              Summ           20%        N/A       10%         2
d - Blink                 Tloc           20%        N/A       10%         2

Your spell library contained the following spells:

 Spells                   Type           Power      Damage    Failure   Level
 Freeze                   Ice            20%        1d4       11%         1
 Slow                     Hex            20%        N/A       11%         1
 Cigotuvi's Dreadful Rot  Necr/Pois/Air  10%        N/A       16%         2
 Hailstorm                Conj/Ice       10%        3d5       19%         3
 Frozen Ramparts          Ice            10%        1d2       30%         3


Dungeon Overview and Level Annotations

Branches:
Dungeon (3/15)

Altars:


Message History

The magic dart hits the sleepcap.
The sleepcap is heavily damaged.
Casting: Magic Dart (safe; 4% risk of failure)
Confirm with . or Enter, or press ? or * to list all spells.
Aiming: Magic Dart (safe; 4% risk of failure)
Press: ? - help, Shift-Dir - straight line, f/p - sleepcap
Aim: a sleepcap (heavily damaged, 100% to hit)
The magic dart hits the sleepcap but does no damage.
The sleepcap is heavily damaged.
Casting: Magic Dart (safe; 4% risk of failure)
Confirm with . or Enter, or press ? or * to list all spells.
Aiming: Magic Dart (safe; 4% risk of failure)
Press: ? - help, Shift-Dir - straight line, f/p - sleepcap
Aim: a sleepcap (heavily damaged, 100% to hit)
The magic dart hits the sleepcap.
The sleepcap is severely damaged.
Casting: Magic Dart (safe; 4% risk of failure)
Confirm with . or Enter, or press ? or * to list all spells.
Aiming: Magic Dart (safe; 4% risk of failure)
Press: ? - help, Shift-Dir - straight line, f/p - sleepcap
Aim: a sleepcap (severely damaged, 100% to hit)
The magic dart hits the sleepcap but does no damage.
The sleepcap is severely damaged.
Casting: Magic Dart (safe; 4% risk of failure)
Confirm with . or Enter, or press ? or * to list all spells.
You miscast Call Imp.
You are very lightly contaminated with residual magic.
Nothing appears to happen.
The sleepcap releases spores at you!
Unknown command.
You hit the sleepcap but do no damage.
The sleepcap is severely damaged.
The sleepcap barely misses you.
You hit the sleepcap.
The sleepcap is severely damaged.
The sleepcap releases spores at you.
You are engulfed in a cloud of soporific spores!
You fall asleep.
The sleepcap releases spores at you!
Ouch! That really hurt!
You die...

### #<# #.#
#.##########
####..........#
#.............#
###.##..........#
...........f@....#
####.............#
#####.........#
#.........#
#.######### ###


You could see a sleepcap.

Vanquished Creatures
  Terence (D:2)
  An adder (D:2)
  A worm (D:2)
  2 dart slugs (D:1)
  4 bats
  4 endoplasms
  3 giant cockroaches
  6 hobgoblins
  4 quokkas
  8 ball pythons
  2 frilled lizards (D:1)
  3 goblins (D:2)
  6 kobolds
  3 rats
48 creatures vanquished.

Notes
Turn   | Place    | Note
-------+----------+-------------------------------------------
     0 | D:1      | pokeman the Deep Elf Hedge Wizard began the quest for the
                  | Orb.
     0 | D:1      | Reached XP level 1. HP: 10/10 MP: 7/7
   278 | D:1      | Reached XP level 2. HP: 14/16 MP: 4/9
   849 | D:1      | Reached skill level 5 in Spellcasting
  1054 | D:1      | Reached XP level 3. HP: 20/20 MP: 9/11
  1058 | D:1      | Learned a level 3 spell: Mephitic Cloud
  1061 | D:1      | Learned a level 2 spell: Call Imp
  1064 | D:1      | Learned a level 2 spell: Blink
  1310 | D:2      | Reached skill level 1 in Armour
  1315 | D:2      | Reached skill level 1 in Fighting
  1476 | D:2      | Noticed Terence
  1489 | D:2      | Killed Terence
  1490 | D:2      | Reached XP level 4. HP: 7/25 MP: 10/13
  1799 | D:3      | Slain by a sleepcap

Illustrated notes

Levels and vault maps discovered:
D:1:      noname_arrival_rooms_in_the_neighbourhood, layout_loops_ring,
          nrook_loot_triangle
D:2:      layout_rooms, minivault_27, grunt_ministairs_15, uniq_terence
D:3:      minmay_chambers_of_twos, layout_basic,
          nicolae_qazlal_style_of_elements, uniq_jessica

Skill      XL: |  1  2  3 |
---------------+----------+-----
Spellcasting   | 5 |  5.6
Armour         | 1 |  1.0
Fighting       | 1 |  1.0
Conjurations   | 2 |  2.2
Dodging        | |  2.7
Stealth        | |  2.7
Summonings     | |  1.1
Translocations | |  1.1

Action                     |  1- 3 |  4- 6 || total
---------------------------+-------+-------++-------
  Melee: Dagger            |     4 |       ||     4
         Short sword       |    16 |     2 ||    18
   Cast: Magic Dart        |   108 |    11 ||   119
         Mephitic Cloud    |     3 |       ||     3
         Call Imp          |     1 |     1 ||     2
   Stab: Confused          |     1 |       ||     1
 Armour: Robe              |     2 |       ||     2
  Dodge: Dodged            |    26 |     1 ||    27

Table legend: (Time is in decaauts)
 A = Elapsed time spent in this place.
 B = Non-inter-level travel time spent in this place.
 C = Inter-level travel time spent in this place.
 D = Time resting spent in this place.
 E = Time spent auto-exploring this place.
 F = Levels seen in this place.
 G = Mean time per level.
                   A        B        C        D        E       F      G
               +--------+--------+--------+--------+--------+-----+--------+
         Total |   1797 |   1739 |     58 |      0 |   1452 |   3 |  599.0 |
       Dungeon |   1797 |   1739 |     58 |      0 |   1452 |   3 |  599.0 |
               +--------+--------+--------+--------+--------+-----+--------+

Top non-repeatable levels by time:
     D:1: 1142 daAuts
     D:2: 628 daAuts
     D:3: 27 daAuts
